 Dungeon Crawl Stone Soup version 0.20-a0-217-g17e8ceb (webtiles) character file.

328 Yakui the Skirmisher (level 6, 0/48 HPs)
             Began as a Mummy Gladiator on Nov 28, 2016.
             Slain by a big kobold
             ... wielding a +0 club
              (2 damage)
             ... in a sewer.
             The game lasted 00:08:11 (4309 turns).

Yakui the Skirmisher (Mummy Gladiator)              Turns: 4309, Time: 00:08:12

Health: 0/48       AC:  6    Str: 18    XL:     6   Next: 25%
Magic:  6/6        EV: 13    Int:  7    God:
Gold:   156        SH:  0    Dex: 15    Spells: 5/5 levels left

rFire  . . .     SeeInvis .     a - +0 flail
rCold  . . .     Gourm    .     b - +0 leather armour
rNeg   + + +     Faith    .     (no shield)
rPois  ∞         Spirit   .     c - +0 helmet
rElec  .         Reflect  .     (no cloak)
rCorr  .         Harm     .     p - +0 pair of gloves
MR     .....                    j - +0 pair of boots
Stlth  +.........               (no amulet)
                                (no ring)
                                k - ring of fire

@: no status effects
A: no food or potions, fire vulnerability, cold resistance 1, negative energy
resistance 3, torment resistance, unbreathing
a: no special abilities


You were in a sewer.
You were not hungry.

You visited 1 branch of the dungeon, and saw 3 of its levels.
You also visited: Sewer.

You collected 156 gold pieces.


Innate Abilities, Weirdness & Mutations

You do not eat or drink.
Your flesh is vulnerable to fire.
You are immune to poison.
Your flesh is cold resistant. (rC+)
You are immune to negative energy. (rN+++)
You are immune to unholy pain and torment.
You can survive without breathing.


   Skills:
 + Level 3.9 Fighting
 + Level 3.5 Maces & Flails
 - Level 1.5 Throwing
 + Level 2.6 Armour
 - Level 3.2 Dodging


You had 5 spell levels left.
You didn't know any spells.

Inventory:

Hand Weapons
 a - a +0 flail (weapon)
Missiles
 d - 4 throwing nets {=f}
Armour
 b - a +0 leather armour (worn)
 c - a +0 helmet (worn)
 j - a +0 pair of boots (worn)
 p - a +0 pair of gloves (worn)
Jewellery
 i - an uncursed ring of ice
 k - a ring of fire (left hand)
Wands
 r - a wand of slowing (35/48)
Scrolls
 e - 3 scrolls of identify {unknown}
 f - a scroll of recharging {unknown}
 g - a scroll of noise {unknown}
 h - a scroll of remove curse {unknown}
 l - a scroll of blinking {unknown}
 m - 3 scrolls of fog {unknown}
 n - 2 scrolls of enchant weapon {unknown}
 o - a scroll of fear {unknown}
 q - 2 scrolls of teleportation {unknown}

Dungeon Overview and Level Annotations

Branches:
Dungeon (3/15)

Altars:

▒≈≈≈▒≈≈≈≈≈≈▒.≈)▒≈≈≈≈≈≈▒
▒≈≈≈▒≈≈≈≈≈≈≈.≈.▒≈≈≈≈≈≈▒
▒≈≈≈▒≈≈≈≈≈≈▒≈.≈▒≈≈≈≈≈≈▒
▒≈≈≈▒≈≈≈≈....≈...≈≈≈≈≈▒
▒..≈▒≈≈≈≈†.▒≈≈≈▒..≈≈≈≈▒
▒≈.≈▒......▒≈≈≈▒......▒
▒▒.▒▒'▒▒▒▒▒▒▒≈▒▒▒▒▒▒▒+▒
▒≈≈.▒.)..((▒K≈(▒.....
▒....≈≈≈.≈.MKK...≈≈≈.
▒≈≈.▒≈≈≈≈≈≈▒KK.▒≈≈≈
▒▒▒▒▒▒▒▒▒▒▒▒▒'▒▒▒▒ .KK▒
K.#..▒ .......'
'.#._.#.'. .'.......'.#
..▒▒.#.#.▒▒..


You could see 2 big kobolds and 5 kobolds.


Message History

The big kobold is severely wounded.
The big kobold hits you but does no damage.
The big kobold misses you. The big kobold hits you with a dagger.
* * * LOW HITPOINT WARNING * * *
You hit the big kobold.
The big kobold is severely wounded.
The big kobold hits you with a club.
* * * LOW HITPOINT WARNING * * *
The big kobold hits you with a dagger.
* * * LOW HITPOINT WARNING * * *
You hit the big kobold.
The big kobold is almost dead.
The big kobold hits you but does no damage. x2
You closely miss the big kobold.
The big kobold is severely wounded.
The big kobold hits you but does no damage. x2
You barely miss the big kobold.
The big kobold is severely wounded.
The big kobold hits you but does no damage.
The big kobold barely misses you. The big kobold closely misses you.
The big kobold hits you but does no damage.
You closely miss the big kobold.
The big kobold is severely wounded.
The big kobold barely misses you. The big kobold hits you with a club.
* * * LOW HITPOINT WARNING * * *
You closely miss the big kobold.
The big kobold is severely wounded.
The kobold hits you but does no damage. The big kobold barely misses you.
The big kobold hits you with a club.
You die...

Action                   |  1- 3 |  4- 6 || total
-------------------------+-------+-------++-------
Melee: Flail             |    97 |   262 ||   359
 Stab: Distracted        |     1 |     1 ||     2
       Sleeping          |       |     2 ||     2
Armor: Leather armour    |    41 |    87 ||   128
Dodge: Dodged            |    95 |   248 ||   343

Vault maps used:
D:1:      minmay_arrival_open_corners
D:2:      kennysheep_generic_room_14
D:3:      gup_sewer_entry_bubbles, first_bread
Sewer:    kennysheep_sewer_church

Notes
Turn   | Place    | Note
-------+----------+-------------------------------------------
     0 | D:1      | Yakui the Mummy Gladiator began the quest for the Orb.
     0 | D:1      | Reached XP level 1. HP: 16/16 MP: 1/1
   199 | D:1      | Reached XP level 2. HP: 12/22 MP: 2/2
   441 | D:1      | Reached skill level 1 in Armour
   934 | D:1      | Reached XP level 3. HP: 28/28 MP: 3/3
  1553 | D:1      | Reached XP level 4. HP: 29/34 MP: 4/4
  1928 | D:1      | Reached skill level 3 in Maces & Flails
  1928 | D:1      | Reached skill level 3 in Dodging
  2121 | D:1      | Reached skill level 3 in Fighting
  2548 | D:2      | Reached XP level 5. HP: 41/41 MP: 5/5
  3808 | D:3      | Found a glowing drain.
  3819 | D:3      | Reached skill level 2 in Armour
  3824 | Sewer    | Entered a sewer
  4203 | Sewer    | Reached XP level 6. HP: 45/48 MP: 6/6
  4278 | Sewer    | Found a burning altar of Makhleb.
  4308 | Sewer    | HP: 2/48 [big kobold/club (6)]
  4309 | Sewer    | Slain by a big kobold

Vanquished Creatures
  A quasit (Sewer)
  2 big kobold zombies (Sewer)
  8 gnolls
  3 adders
  3 shadow imps (Sewer)
  2 ufetubi (Sewer)
  4 oozes
  An adder zombie (Sewer)
  2 worms (D:3)
  3 dart slugs
  7 leopard geckos
  A bat zombie (Sewer)
  6 giant cockroaches
  6 goblins
  8 hobgoblins
  4 jackals (D:2)
  12 kobolds
  2 quokkas
  8 bats
  2 frilled lizards
  A kobold zombie (Sewer)
  7 rats
93 creatures vanquished.

Vanquished Creatures (others)
  An ooze (Sewer)
1 creature vanquished.

Grand Total: 94 creatures vanquished
